Unix NetHack Version 5.0.0-0 post-release - last build Jun 10 2026 00:39:30 (3ee93aec679c4c4259841fe613dc97188e26a321,branch:main).

Game began 2026-06-12 21:33:05, ended 2026-06-13 00:06:52.

Ch3Begorrah, chaotic male human Rogue

                                                  ---------
              ------------                        |.......|
              |..........|                        |.......|     -------
              |..........|                      ##........|     |.....|
              |..........|    ------------      # ------|--     |.....|
            ##-..........|    |..........|    ###     ###    ###.......#
            # |......>...|    |>.........|    #         ##  ##  -------#
            # ---------|--    |..........|    #          ####          #
            #          )   ###............#####           0##          #
           ##          #   #  ---------.--     #            #          #
           #          ##   #                        ------.-#################
           #      ----.-   #                        |.......#         #-----|-
           #      |....|  ##                        |......|          #|.....|
 ----------#      |....|  #                         |..<...|          #......|
 |........|#      |....+  #                         --------           |.....|
 |........|#      |....|  #                                            -------
 |.*......|#      |....-###
 |........+#####0 ---.--
 ----------

Ch3Begorrah the Cutpurse  St:16 Dx:17 Co:15 In:11 Wi:9 Ch:8  Chaotic
Dlvl:4  $:385 HP:0(25) Pw:14(14) AC:7  Xp:4 T:2516 

Latest messages:
 Your movements are now unencumbered.
 You drop a rock (unpaid, 7 zorkmids).
 What do you want to use or apply? [efhiyF or ?*] f
 X - a brass ring named ok                            200 zorkmids
 What do you want to drop? [$ac-fhik-su-zA-GILMOUWX or ?*] X
 You drop a brass ring named ok (unpaid, 200 zorkmids).
 The little dog picks up a brass ring named ok.
 In what direction? b
 The door closes.
 J - a curved sword.
 With great effort you move the boulder.
 You stop.  Your little dog is in the way!
 You see here a brass ring named ok.
 X - a brass ring named ok.
 The gnome hits!
 In what direction? j
 The dagger hits the gnome.
 In what direction? j
 The dagger hits the gnome.
 The gnome hits!
 In what direction? j
 You kill the gnome!
 The gnome lady picks up 3 +0 daggers.
 The dagger hits the gnome lady.
 What do you want to put on? [lALMOUWX or ?*] ?
 Which ring-finger, Right or Left? [rl] l
 Gee!  All of a sudden, you can't see yourself.
 M - a ring of invisibility named ok (on left hand).
 You hear someone counting gold coins.
 In what direction? j
 The dagger hits it.
 You have no ammunition readied.
 What do you want to fire? [$anrvJ or ?*] <esc>
 Never mind.
 What do you want to ready? [$anrvJ or ?*] ?
 v - an orcish dagger (at the ready).
 In what direction? j
 You kill it!
 The gnome lady picks up a +0 dagger.
 What do you want to wield? [- amnp-rEJ or ?*] ?
 Never mind.
 You hit the gnome lady!
 The gnome lady swings her thonged club.
 The gnome lady hits!
 You stop.  Your little dog is in the way!
 You swap places with your little dog.
 The thonged club misses the little dog.
 You are hit by a thonged club!
 You die...
 Do you want your possessions identified? [ynq] (y) q

Inventory:
 Coins    ('$')
  $ - 385 gold pieces
 Weapons  (')')
  p - 10 +0 arrows
  m - 9 cursed +0 silver arrows
  q - a cursed +0 bow
  n - 8 +1 darts
  r - a cursed -2 dagger
  E - a +3 elven dagger (weapon in right hand)
  J - a cursed -3 scimitar
  a - a +0 short sword (alternate weapon; not wielded)
 Armor    ('[')
  w - a cursed -2 orcish helm (being worn)
  x - a cursed -1 pair of iron shoes (being worn)
  C - an uncursed +0 dwarvish cloak (being worn)
  c - an uncursed +1 leather armor (being worn)
 Comestibles  ('%')
  G - an uncursed food ration
  k - an uncursed orange
 Scrolls  ('?')
  z - a blessed scroll of confuse monster named ok
  o - an uncursed scroll of confuse monster named ok
  I - an uncursed scroll of light named ok
  B - an uncursed scroll of magic mapping named ok
  s - 2 uncursed scrolls of teleportation
 Spellbooks  ('+')
  i - an uncursed spellbook of slow monster
 Potions  ('!')
  d - an uncursed potion of sickness
 Rings    ('=')
  W - an uncursed ring of conflict named ok
  X - an uncursed +1 ring of increase accuracy named ok
  M - an uncursed ring of invisibility named ok (on left hand)
  O - an uncursed ring of polymorph control named ok
  U - an uncursed ring of searching named ok
  l - an uncursed ring of see invisible named ok
  L - an uncursed ring of slow digestion named ok
  A - a cursed ring of teleport control
 Wands    ('/')
  h - a wand of opening (0:3)
 Tools    ('(')
  f - an uncursed sack containing 3 items
  y - a blessed brass lantern
  e - an uncursed lock pick
 Gems/Stones  ('*')
  u - an uncursed opal
  F - an uncursed flint stone

Contents of the sack:
  an uncursed ring of polymorph named ok
  an uncursed ring of teleport control named ok
  a +0 pick-axe

Ch3Begorrah the Rogue's attributes:

Background:
 You were a Cutpurse, a level 4 male human Rogue.
 You were chaotic, nominally on a mission for Kos
 who was opposed by Issek (lawful) and Mog (neutral).
 You were right-handed.
 You were in the Dungeons of Doom, on level 4.
 You entered the dungeon 2516 turns ago.
 It was the midnight hour.
 You had 158 experience points, 2 more were needed to attain level 5.

Basics:
 You had 0 out of 25 hit points.
 You had all 14 energy points (spell power).
 Your armor class was 7.
 Your wallet contained 385 zorkmids.
 Autopickup was on for '$!/(' plus thrown, with exceptions.

Final Characteristics:
 Your strength was 16 (limit:18/100).
 Your dexterity was 17 (limit:18).
 Your constitution was 15 (limit:18).
 Your intelligence was 11 (limit:18).
 Your wisdom was 9 (limit:18).
 Your charisma was 8 (limit:18).

Final Status:
 You weren't hungry.
 You were unencumbered.
 You were wielding a dagger.
 You had basic skill with dagger.

Final Attributes:
 You were piously aligned.
 Your items were somewhat protected from fire.
 Your items were somewhat protected from cold.
 You were invisible.
 You were stealthy.
 You were warded.
 You are dead.

Miscellaneous:
 You didn't encounter any bones levels.
 Total elapsed playing time was 33 minutes and 47 seconds.

Major events:
 Turn
    1: Ch3Begorrah the chaotic male human Rogue entered the dungeon
 1432: attained the rank of Cutpurse (level 3)
 1645: entered the Gnomish Mines
 2516: killed by an aklys

You didn't know any spells.

Skills:
 Fighting Skills
   bare handed combat [Unskilled]
   two weapon combat  [Unskilled]
   riding             [Unskilled]
 Weapon Skills
   dagger             [Basic]
   knife              [Unskilled]
   short sword        [Basic]
   broadsword         [Unskilled]
   long sword         [Unskilled]
   two-handed sword   [Unskilled]
   saber              [Unskilled]
   club               [Unskilled]
   mace               [Unskilled]
   morning star       [Unskilled]
   flail              [Unskilled]
   hammer             [Unskilled]
   polearms           [Unskilled]
   spear              [Unskilled]
   crossbow           [Unskilled]
   dart               [Unskilled]
   shuriken           [Unskilled]
 Spellcasting Skills
   divination spells  [Unskilled]
   escape spells      [Unskilled]
   matter spells      [Unskilled]

Voluntary challenges:
 Character rerolling was not enabled.
 You followed a strict vegan diet.
 You were an atheist.
 You never genocided any monsters.
 You never polymorphed an object.
 You never changed form.
 You used no wishes.
Achievements:
 You attained the rank of Cutpurse.
 You entered a shop.
 You entered the Gnomish Mines.

 The Dungeons of Doom: levels 1 to 5
    Level 1:
       A fountain.
    Level 2:
       A fountain.
    Level 3:
       An altar to Kos, a fountain.
    Level 4: <- You were here.
       A ring shop.
       Stairs down to The Gnomish Mines.
       Final resting place for
          you, killed by an aklys.
    Level 5:
       A fountain.
 The Gnomish Mines:
    Level 5:


Vanquished creatures:
  a small mimic
  a rock piercer
  a gnome leader
  a dwarf
 an iguana
  2 hobbits
  a hobgoblin
  4 gnomes
  a gnome zombie
  a gecko
  8 jackals
  2 kobolds
  2 grid bugs
  4 lichens
  2 kobold zombies
  3 newts
35 creatures vanquished.

No species were genocided or became extinct.

Game over:
                       ----------
                      /          \
                     /    REST    \
                    /      IN      \
                   /     PEACE      \
                  /                  \
                  |   Ch3Begorrah    |
                  |      385 Au      |
                  |   killed by an   |
                  |      aklys       |
                  |                  |
                  |                  |
                  |       2026       |
                 *|     *  *  *      | *
        _________)/\\_//(\/(/\)/\//\/|_)_______

Goodbye Ch3Begorrah the Rogue...

You died in The Dungeons of Doom on dungeon level 4 with 1189 points,
and 385 pieces of gold, after 2516 moves.
You were level 4 with a maximum of 25 hit points when you died.

